 Seeded DCSS version 0.31-a0-145-g046c7d2 (webtiles) character file.

Game seed: 221008337436421724 (custom seed)

13580 edsrzf the Martial Artist (level 11, -11/72 HPs)
             Began as a Demonspawn Necromancer on June 4, 2023.
             Was an Elder of Cheibriados.
             Mangled by Snorg (17 damage)
             ... on level 10 of the Dungeon.
             The game lasted 00:21:55 (9900 turns).

edsrzf the Martial Artist (Demonspawn Necromancer)  Turns: 9900, Time: 00:21:55

Health: -11/72     AC: 14    Str: 20    XL:     11   Next: 77%
Magic:  16/21      EV: 14    Int: 28    God:    Cheibriados [****..]
Gold:   433        SH:  0    Dex: 22    Spells: 12/24 levels left

rFire   + .          .
                       - Unarmed
rCold   . . .        (no shield)
rNeg    . . .        I - +0 steam dragon scales
rPois   .            j - +0 helmet
rElec   .            (cloak unavailable)
rCorr   .            o - +0 pair of gloves
SInv    .            (no boots)
Will    .....        (no amulet)
Stlth   ++           G - ring of protection from fire
HPRegen 0.32/turn    z - +4 ring of protection
MPRegen 0.17/turn

%: no passive effects
@: very slow
A: slimy green scales 2, foul stench 1, spiny 1, weakness stinger 3
a: Renounce Religion, Bend Time, Temporal Distortion, Slouch


You were on level 10 of the Dungeon.
You worshipped Cheibriados.
Cheibriados was greatly pleased with you.
You visited 2 branches of the dungeon, and saw 11 of its levels.
You also visited: Sewer and Ossuary.

You collected 560 gold pieces.
You spent 127 gold pieces at shops.

Inventory:

Missiles
 p - 23 poisoned darts
Armour
 j - a +0 helmet (worn)
 o - a +0 pair of gloves (worn)
 A - the +0 ring mail "Vasseem" {Dex+4}
   (You found it on level 5 of the Dungeon)

   Dex:       It affects your dexterity (+4).
 I - +0 steam dragon scales (worn)
Jewellery
 d - a ring of see invisible
 i - a ring of resist corrosion
 k - a ring of positive energy
 z - a +4 ring of protection (right hand)
 G - a ring of protection from fire (left hand)
 R - a ring of fire
 S - a ring of wizardry
Wands
 u - a wand of polymorph (9)
 L - a wand of roots (7)
 N - a wand of charming (4)
 Q - a wand of flame (11)
Scrolls
 c - 2 scrolls of blinking {unknown}
 e - 3 scrolls of teleportation {unknown}
 f - a scroll of fear
 g - a scroll of noise {unknown}
 n - 3 scrolls of vulnerability {unknown}
 q - 4 scrolls of fog
 r - 2 scrolls of poison
 v - 3 scrolls of magic mapping {unknown}
 w - 4 scrolls of enchant weapon {unknown}
 x - a scroll of enchant armour {unknown}
 y - a scroll of immolation {unknown}
 B - 2 scrolls of summoning {unknown}
 F - a scroll of torment {unknown}
 M - 2 scrolls of amnesia {unknown}
 P - a scroll of identify {@r1}
Potions
 a - 2 potions of heal wounds
 b - 4 potions of magic
 h - 4 potions of haste
 l - 3 potions of cancellation
 m - a potion of berserk rage {!q}
 s - 2 potions of mutation {!q}
 t - 3 potions of brilliance
 C - 2 potions of lignification
 D - 2 potions of might
 E - a potion of resistance
 H - a potion of enlightenment
 J - 2 potions of curing
 K - a potion of invisibility
Miscellaneous
 O - a box of beasts


   Skills:
 - Level 2.0 Fighting
 + Level 3.6 Dodging
 - Level 1.7 Stealth
 + Level 12.8 Unarmed Combat
 - Level 7.0 Spellcasting
 - Level 6.2 Conjurations
 - Level 9.1 Necromancy
 - Level 7.3 Transmutations


You had 12 spell levels left.
You knew the following spells:

 Your Spells              Type           Power      Damage    Failure   Level
a - Necrotise             Necr           100%       1d9       1%          1
b - Kiss of Death         Conj/Necr      100%       2d13      1%          1
s - Spider Form           Tmut/Pois      30%        N/A       3%          3
u - Dispel Undead         Necr           57%        3d20      1%          4
v - Vampiric Draining     Necr           57%        2d10      1%          3

Your spell library contained the following spells:

 Spells                   Type           Power      Damage    Failure   Level
 Beastly Appendage        Tmut           100%       N/A       1%          1
 Magic Dart               Conj           100%       1d8       1%          1
 Passwall                 Tmut/Erth      25%        N/A       1%          2
 Wereblood                Tmut           50%        N/A       1%          2
 Animate Dead             Necr           57%        N/A       1%          4
 Cigotuvi's Dreadful Rot  Necr/Pois/Air  52%        N/A       2%          2
 Momentum Strike          Conj/Tloc      54%        3d9       2%          2
 Agony                    Necr           57%        N/A       3%          5
 Dazzling Flash           Conj/Hex       54%        N/A       4%          3
 Mephitic Cloud           Conj/Pois/Air  21%        N/A       7%          3
 Blink                    Tloc           18%        N/A       9%          2
 Call Imp                 Summ           18%        N/A       9%          2
 Ensorcelled Hibernation  Hex/Ice        18%        N/A       9%          2
 Lesser Beckoning         Tloc           18%        N/A       9%          2
 Swiftness                Air            9%         N/A       16%         3
 Volatile Blastmotes      Fire/Tloc      18%        2d11      16%         3
 Iskenderun's Mystic Bla  Conj/Tloc      27%        2d7       16%         4
 Death Channel            Necr           28%        N/A       19%         6
 Conjure Ball Lightning   Conj/Air       13%        3x3d6     93%         6
 Starburst                Conj/Fire      13%        6d6       93%         6


Dungeon Overview and Level Annotations

Branches:
Dungeon (10/15)            Temple (1/1) D:6           Sewer (visited)
Ossuary (visited)
   Lair: D:8-11         Orc: D:9-12

Altars:
Ashenzari
Cheibriados
Dithmenos
Fedhas
Gozag
Hepliaklqana
Kikubaaqudgha
Makhleb
Nemelex Xobeh
Okawaru
Qazlal
Ru
Sif Muna
Trog
Uskayaw
Vehumet
Wu Jian
Xom
Yredelemnul

Shops:
D:1 :   D:3 **:=[

Portals:
Trove: D:10 (give +4 fire dragon scales)

Annotations:
D:1 2 runed translucent doors
D:10 Snorg


Innate Abilities, Weirdness & Mutations

You are mostly covered in slimy green scales. (AC +3)
You may rarely emit foul miasma when damaged in melee.
You are partially covered in sharp spines.
You have a sharp stinger which inflicts weakening toxins.


Message History

You feel drained.
Casting: Vampiric Draining (safe; 1% risk of failure)
Confirm with . or Enter, or press ? or * to list all spells.
Aiming: Vampiric Draining (safe; 1% risk of failure)
Press: ? - help, Shift-Dir - straight line, f - Nergalle
Aim: Nergalle, wielding a +0 dagger and wearing a +0 robe (severely wounded, weak)
You draw life force from Nergalle!!
You kill Nergalle!
Cheibriados appreciates the change of pace.
The spectral orc warrior disappears in a puff of smoke! x4
You feel life coursing into your body!
Your life force feels restored.
You closely miss the yak. You tail-slap the yak.
The yak looks weaker.
The yak is lightly wounded.
The yak gores you.
You hit the yak but do no damage.
Your tail-slap misses the yak.
The yak is lightly wounded.
The yak is struck by your spines. The yak misses you.
You punch the yak!
The yak is heavily wounded.
You hit the yak but do no damage.
The yak is heavily wounded.
The yak barely misses you.
You closely miss the yak.
The yak is heavily wounded.
The yak is struck by your spines. The yak gores you but does no damage.
You hit the yak.
Your tail-slap misses the yak.
The yak is severely wounded.
The yak gores you but does no damage.
You pummel the yak!!
You kill the yak!
Cheibriados thoroughly appreciates the change of pace.
a - 2 potions of heal wounds (gained 1)
Items here: ) [ ††.
Magic restored.
As you open the door, it creaks loudly!
There is an open door here.
You open the door.
There is an open door here.
As you open the door, it creaks loudly!
There is an open door here.
You open the door.
There is an open door here.
There is an open door here.
There is an open door here.
You open the door.
Found a portal to a secret trove of treasure.
There is an open door here.
There is an open door here.
Found a stone staircase leading down.
An orc comes into view. It is wielding a +0 mace.
Found 7 stones.
Found an escape hatch in the ceiling.
The orc shouts!
You hear a shout! x3
An orc warrior comes into view. It is wielding a +0 battleaxe.
Snorg the Insatiable comes into view.
An orc wizard comes into view. It is wielding a +0 dagger.
Casting: Vampiric Draining (safe; 1% risk of failure)
Confirm with . or Enter, or press ? or * to list all spells.
Okay, then.
Unknown command.
Snorg resists with significant effort.
Snorg writhes in agony!
Snorg goes berserk!
Aiming: Charm
Press: ? - help, Shift-Dir - straight line, f/p - Snorg
Aim: Snorg (lightly wounded, berserk, chance to affect: 17%)
Okay, then.
Aiming: Fastroot
Press: ? - help, Shift-Dir - straight line, f/p - Snorg
Aim: Snorg (lightly wounded, berserk)
The roots erupt in riotous growth!
Roots grab Snorg.
Roots grab the orc.
The grasping roots constrict Snorg.
The grasping roots constrict the orc.
You hear a shout! x3
Snorg escapes!
The orc struggles to escape constriction.
An orc comes into view. It is wielding a +0 flail.
The orc shouts!
You punch Snorg!
Snorg is lightly wounded.
The grasping roots constrict the orc!
You kill the orc!
Cheibriados appreciates the change of pace.
Snorg is struck by your spines. Snorg bites you!! Snorg claws you.
Snorg closely misses you.
Okay, then.
Okay, then.
Casting: Necrotise (safe; 1% risk of failure)
Confirm with . or Enter, or press ? or * to list all spells.
Aiming: Vampiric Draining (safe; 1% risk of failure)
Press: ? - help, Shift-Dir - straight line, f/p - Snorg
Aim: Snorg (moderately wounded, berserk)
You draw life force from Snorg!
You feel life coursing into your body! Snorg bites you!
Snorg claws you but does no damage. Snorg barely misses you. Snorg bites you!!
* * * LOW HITPOINT WARNING * * *
Snorg claws you!
* * * LOW HITPOINT WARNING * * *
Snorg claws you!
You die...

##'### #.# .....# #.#
.....# #####.########
.....######.............
#####'......###..#######
#...#..###### ##.#
#.∩.'.## #.# #...### #.#
##### #@# #.# #T# #.#
#.# #.# #.# #.# .>o
#'####### .o. ........#
..o.T ........+ (....
........# #.<....


You could see Snorg (berserk), an orc warrior, an orc wizard and an orc.

Vanquished Creatures
  A two-headed ogre (D:8)
  Nergalle (D:10)
  2 kobold demonologists (D:9)
  3 wyverns
  8 yaks
  4 vampire mosquitoes (D:9)
  A steam dragon (D:8)
  Menkaure (D:7)
  A water moccasin (D:9)
  Duvessa (D:7)
  3 orc warriors
  2 ice beasts (D:5)
  3 sky beasts (D:6)
  2 ogres (D:5)
  3 centaurs
  2 phantoms
  A bullfrog (D:8)
  3 kobold brigands
  5 scorpions
  3 water moccasin zombies (Ossuary)
  2 gnoll sergeants
  Dowan (D:7)
  8 killer bees (D:8)
  2 howler monkeys (D:5)
  3 jellies (Sewer)
  An orc priest (D:8)
  6 hounds
  7 orc wizards
  2 sleepcaps (D:6)
  5 iguanas
  Ijyb (D:3)
  Natasha (twice) (D:3)
  2 mummies (Ossuary)
  10 adders
  14 gnolls
  2 white imps (D:5)
  2 ufetubi
  4 adder zombies (Ossuary)
  3 worms
  2 dart slugs
  20 orcs
  18 endoplasms
  7 giant cockroaches
  10 goblins
  8 hobgoblins
  12 jackals
  5 quokkas
  12 ball pythons
  6 bats
  13 frilled lizards
  4 gnoll zombies (Ossuary)
  3 hobgoblin zombies (Ossuary)
  19 kobolds
  7 kobold zombies (Ossuary)
  7 orc zombies (Ossuary)
  7 rats
287 creatures vanquished.

Vanquished Creatures (collateral kills)
  A ball python (D:3)
  An endoplasm (D:2)
  A giant cockroach (D:1)
  A hobgoblin (D:3)
  A quokka (D:1)
  2 rats
7 creatures vanquished.

Grand Total: 294 creatures vanquished

Notes
Turn   | Place    | Note
-------+----------+-------------------------------------------
     0 | D:1      | edsrzf the Demonspawn Necromancer began the quest for the
                  | Orb.
     0 | D:1      | Reached XP level 1. HP: 13/13 MP: 3/3
   160 | D:1      | Found a large runed translucent door.
   161 | D:1      | Found a large runed translucent door.
   163 | D:1      | Noticed an orc priest
   163 | D:1      | Noticed an orc priest
   165 | D:1      | Gained mutation: You have a small tail. [demonic ancestry]
   165 | D:1      | Reached XP level 2. HP: 16/19 MP: 0/5
   166 | D:1      | Noticed an orc warrior
   259 | D:1      | Reached skill level 5 in Necromancy
   293 | D:1      | Reached skill level 1 in Fighting
   409 | D:1      | Found Jetie's Book Shoppe.
   645 | D:1      | Gained mutation: You have a tail ending in a sharp stinger.
                  | [demonic ancestry]
   645 | D:1      | Reached XP level 3. HP: 27/27 MP: 4/6
   768 | D:1      | Reached skill level 2 in Fighting
  1159 | D:2      | Got the Compendium of Bruises
  1164 | D:2      | Learned a level 3 spell: Vampiric Draining
  1166 | D:2      | Learned a level 1 spell: Kiss of Death
  1825 | D:2      | Gained mutation: You are partially covered in sharp spines.
                  | [demonic ancestry]
  1825 | D:2      | Reached XP level 4. HP: 33/33 MP: 2/7
  2350 | D:3      | Found Box Dety's Jewellery Boutique.
  2591 | D:3      | Found Lenegge's Book Shoppe.
  2884 | D:3      | Noticed Natasha
  3030 | D:3      | Found a bloodstained altar of Trog.
  3077 | D:3      | Reached skill level 3 in Spellcasting
  3103 | D:3      | Found Esodaat's General Store.
  3107 | D:3      | Bought a scroll of identify for 22 gold pieces
  3115 | D:3      | Found Jiffud's Assorted Antiques.
  3116 | D:3      | Identified a potion of experience
  3117 | D:3      | Identified 2 potions of haste
  3118 | D:3      | Reached skill level 6 in Spellcasting
  3118 | D:3      | Reached skill level 6 in Conjurations
  3118 | D:3      | Reached skill level 9 in Necromancy
  3118 | D:3      | Gained mutation: You may rarely emit foul miasma when
                  | damaged in melee. [demonic ancestry]
  3118 | D:3      | Reached XP level 5. HP: 38/38 MP: 9/14
  3124 | D:3      | Learned a level 4 spell: Dispel Undead
  3157 | D:3      | Noticed a phantom
  3164 | D:3      | Killed a phantom
  3165 | D:3      | Reached XP level 6. HP: 44/44 MP: 10/15
  3217 | D:3      | Noticed Ijyb
  3343 | D:3      | Found Ilul's Antique Armour Shoppe.
  3545 | D:3      | Bought a scroll labelled WAEGGI PUHOOPS for 21 gold pieces
  3545 | D:3      | Bought a scroll labelled YBECVI ASHRUCA for 21 gold pieces
  3545 | D:3      | Bought a scroll labelled RELOP MEZAN for 21 gold pieces
  3545 | D:3      | Bought a scroll labelled ATSELU MUAZEU for 21 gold pieces
  3545 | D:3      | Bought a scroll labelled WAEGGI PUHOOPS for 21 gold pieces
  3545 | D:3      | Identified 3 scrolls of fog
  3546 | D:3      | Identified 2 scrolls of poison
  3760 | D:3      | Killed Natasha
  3861 | D:3      | Noticed Natasha
  3876 | D:3      | Killed Natasha
  3877 | D:3      | Reached skill level 1 in Unarmed Combat
  3905 | D:3      | Killed Ijyb
  4474 | D:4      | Reached skill level 7 in Spellcasting
  4474 | D:4      | Reached XP level 7. HP: 41/50 MP: 15/17
  4482 | D:4      | Reached skill level 2 in Unarmed Combat
  4616 | D:5      | Entered Level 5 of the Dungeon
  4832 | D:5      | Reached skill level 3 in Unarmed Combat
  4949 | D:5      | Reached skill level 4 in Unarmed Combat
  5220 | D:5      | Identified the +0 ring mail "Vasseem" {Dex+4}
  5272 | D:5      | Gained mutation: You are partially covered in slimy green
                  | scales. (AC +2) [demonic ancestry]
  5272 | D:5      | Reached XP level 8. HP: 56/56 MP: 18/18
  5272 | D:5      | Identified 3 potions of degeneration
  5339 | D:5      | Reached skill level 5 in Unarmed Combat
  5360 | D:5      | Identified a potion of cancellation
  5361 | D:5      | Identified a potion of mutation
  5362 | D:5      | Identified a potion of brilliance
  5627 | D:5      | Reached skill level 6 in Unarmed Combat
  5647 | D:5      | Identified a potion of berserk rage
  5835 | D:6      | Found a glowing drain.
  5862 | Sewer    | Entered a sewer
  6058 | Sewer    | Found a viscous altar of Jiyva.
  6072 | Sewer    | Reached skill level 10 in Unarmed Combat
  6072 | Sewer    | Gained mutation: You are mostly covered in slimy green
                  | scales. (AC +3) [demonic ancestry]
  6072 | Sewer    | Reached XP level 9. HP: 60/61 MP: 19/19
  6077 | Sewer    | Learned a level 3 spell: Spider Form
  6077 | Sewer    | Reached skill level 7 in Transmutations
  6077 | Sewer    | Gained mutation: You have a sharp stinger which inflicts
                  | weakening toxins. [demonic ancestry]
  6077 | Sewer    | Reached XP level 10. HP: 67/67 MP: 20/20
  6195 | D:6      | Found a sacrificial altar of Ru.
  6199 | D:6      | Reached skill level 11 in Unarmed Combat
  6276 | D:6      | Reached XP level 11. HP: 72/72 MP: 21/21
  6521 | D:6      | Found a staircase to the Ecumenical Temple.
  6566 | Temple   | Entered the Ecumenical Temple
  6583 | Temple   | Became a worshipper of Cheibriados the Contemplative
  6640 | D:7      | Found a hide-covered altar of Uskayaw.
  6647 | D:7      | Identified a potion of heal wounds
  6648 | D:7      | Identified a potion of lignification
  6649 | D:7      | Identified 2 potions of might
  6650 | D:7      | Identified a potion of resistance
  6657 | D:7      | Noticed Duvessa
  6657 | D:7      | Noticed Dowan
  6663 | D:7      | Killed Duvessa
  6670 | D:7      | Killed Dowan
  6774 | D:7      | Found a sand-covered staircase.
  6783 | Ossuary  | Entered an ossuary
  6814 | Ossuary  | Reached * piety under Cheibriados
  6886 | Ossuary  | Reached ** piety under Cheibriados
  6941 | Ossuary  | Identified a potion of invisibility
  6942 | Ossuary  | Identified a potion of curing
  7071 | D:7      | Noticed Menkaure
  7222 | D:7      | Killed Menkaure
  7375 | D:8      | HP: 2/72 [orc priest/divine providence (17)]
  7797 | D:8      | Noticed a two-headed ogre
  7844 | D:8      | Reached *** piety under Cheibriados
  8119 | D:8      | Found a shadowy altar of Dithmenos.
  8119 | D:8      | Found an opulent altar of Gozag.
  8123 | D:8      | Found a shimmering altar of Xom.
  8556 | D:8      | Killed a two-headed ogre
  8557 | D:8      | Reached skill level 12 in Unarmed Combat
  8861 | D:9      | Identified a potion of enlightenment
  8980 | D:9      | Noticed a sun demon
  8992 | D:9      | Noticed a sixfirhy
  9002 | D:9      | Reached **** piety under Cheibriados
  9003 | D:9      | Reached skill level 2 in Dodging
  9356 | D:9      | Found a shimmering blue altar of Sif Muna.
  9360 | D:9      | Found a basalt altar of Yredelemnul.
  9367 | D:9      | Found a burning altar of Makhleb.
  9372 | D:9      | Found a blossoming altar of Fedhas.
  9378 | D:9      | Found an ornate altar of the Wu Jian Council.
  9382 | D:9      | Found an ancient bone altar of Kikubaaqudgha.
  9393 | D:9      | Found a stormy altar of Qazlal.
  9484 | D:9      | You fall into a shaft and drop 1 floor!
  9484 | D:10     | Entered Level 10 of the Dungeon
  9561 | D:10     | Noticed Nergalle
  9703 | D:10     | Reached skill level 3 in Dodging
  9725 | D:10     | Killed Nergalle
  9873 | D:10     | Found a portal to a secret trove of treasure.
  9892 | D:10     | Noticed Snorg
  9900 | D:10     | Mangled by Snorg

Illustrated notes

Levels and vault maps discovered:
D:1:      erik_arrival_cave_to_civilisation [erik_arrival_cave_to_temple],
          layout_basic, serial_shops, nicolae_shop_trees, minmay_tromino_v4_a
D:2:      layout_basic, fountainhead
D:3:      layout_basic, lightli_temple_of_fire, serial_shops,
          nicolae_lakefront_shop, nicolae_shop_trees, nicolae_shop_peninsula,
          nicolae_shop_back_alley_shop, nicolae_shop_tiny_statue_garden,
          uniq_ijyb, uniq_natasha
D:4:      layout_basic
D:5:      minmay_thinvault, layout_rooms, chequers_serial_rivers_small_b
D:6:      cheibrodos_quashed, layout_rooms, elyvilon_altar_5,
          nicolae_ru_awakened_eye, tso_oasis_becter,
          minmay_temple_entry_enclosed_plants, cheibrodos_sewer_entry_drain
D:7:      layout_rooms, overflow_temple_1_default,
          lightli_ossuary_entry_decrepit_ruins, uniq_menkaure, uniq_duvessa
D:8:      layout_loops_corners, minitemple
D:9:      layout_loops_ring, grunt_temple_overflow_octagram
D:10:     layout_roguey, enter_trove_3, uniq_snorg, uniq_nergalle, uniq_joseph
Temple:   hellmonk_temple_two_chambers

Skill      XL: |  1  2  3  4  5  6  7  8  9 10 11 |
---------------+----------------------------------+-----
Necromancy     | 5 9 |  9.1
Fighting       | 1 2 |  2.0
Spellcasting   | 6 7 |  7.0
Conjurations   | 6 |  6.2
Unarmed Combat | 1 4 10 11 12 | 12.8
Transmutations | 7 |  7.3
Dodging        | 3 |  3.6
Stealth        | |  1.7

Action                     |  1- 3 |  4- 6 |  7- 9 | 10-12 || total
---------------------------+-------+-------+-------+-------++-------
  Melee: Spear             |     6 |       |       |       ||     6
         Hand axe          |     3 |    34 |   110 |       ||   147
         Tailslap          |       |    10 |    13 |    44 ||    67
         Unarmed           |       |    14 |       |   306 ||   320
         Punch             |       |     1 |     3 |    21 ||    25
   Cast: Necrotise         |    66 |    51 |    16 |    31 ||   164
         Dispel Undead     |       |     1 |       |     6 ||     7
         Vampiric Draining |       |       |     8 |    15 ||    23
  Evoke: Wand              |       |       |       |     1 ||     1
    Use: Scroll            |       |     5 |     5 |     7 ||    17
         Potion            |       |     1 |     2 |       ||     3
   Stab: Sleeping          |       |       |     1 |     2 ||     3
         Distracted        |       |       |       |     1 ||     1
 Armour: Robe              |     1 |     8 |    60 |    54 ||   123
         Skin              |       |     2 |       |       ||     2
         Steam dragon scal |       |       |       |    70 ||    70
  Dodge: Dodged            |    10 |    29 |   116 |   145 ||   300

Table legend: (Time is in decaauts)
 A = Elapsed time spent in this place.
 B = Non-inter-level travel time spent in this place.
 C = Inter-level travel time spent in this place.
 D = Time resting spent in this place.
 E = Time spent auto-exploring this place.
 F = Levels seen in this place.
 G = Mean time per level.
                   A        B        C        D        E       F      G
               +--------+--------+--------+--------+--------+-----+--------+
         Total |  11217 |  10828 |    389 |    758 |   7827 |  13 |  862.8 |
       Dungeon |  10677 |  10299 |    378 |    758 |   7684 |  10 | 1067.7 |
        Temple |     28 |     17 |     11 |      0 |     11 |   1 |   28.0 |
         Sewer |    323 |    323 |      0 |      0 |    118 |   1 |  323.0 |
       Ossuary |    187 |    187 |      0 |      0 |     13 |   1 |  187.0 |
               +--------+--------+--------+--------+--------+-----+--------+

Top non-repeatable levels by time:
     D:8: 1910 daAuts
     D:3: 1620 daAuts
     D:2: 1247 daAuts
     D:9: 1186 daAuts
     D:5: 1141 daAuts
     D:1: 1116 daAuts
     D:4: 662 daAuts
     D:6: 659 daAuts
     D:7: 586 daAuts
    D:10: 547 daAuts
   Sewer: 323 daAuts
 Ossuary: 187 daAuts
  Temple: 28 daAuts
